 Dungeon Crawl Stone Soup version 0.31-a0-188-g5e087ee2ca (webtiles) character file.

Game seed: 8782217075812605372

400 qw the Skirmisher (level 6, 0/35 HPs)
             Began as a Deep Elf Hunter on June 23, 2023.
             Was an Initiate of Okawaru.
             Slain by a shadow imp (3 damage)
             ... summoned by Eustachio
             ... on level 3 of the Dungeon.
             The game lasted 00:01:20 (3237 turns).

qw the Skirmisher (Deep Elf Hunter)                 Turns: 3237, Time: 00:01:21

Health: 0/35       AC:  7    Str: 10    XL:     6   Next: 54%
Magic:  8/8        EV: 11    Int: 14    God:    Okawaru [......]
Gold:   125        SH:  0    Dex: 18    Spells: 5/5 levels left

rFire   . . .        Y - +1 shortbow
rCold   . . .        (shield currently unavailable)
rNeg    . . .        g - +0 ring mail
rPois   .            b - +0 helmet
rElec   .            (no cloak)
rCorr   .            (no gloves)
SInv    .            f - +0 pair of boots
Will    .....        (no amulet)
Stlth   +            (no ring)
HPRegen 0.25/turn    (no ring)
MPRegen 0.11/turn

%: no passive effects
@: no status effects
A: no striking features
a: Renounce Religion


You were on level 3 of the Dungeon.
You worshipped Okawaru.
Okawaru was noncommittal.
You visited 1 branch of the dungeon, and saw 4 of its levels.

You collected 210 gold pieces.
You spent 85 gold pieces at shops.


   Skills:
 - Level 2.1 Fighting
 + Level 9.4 Ranged Weapons
 - Level 1.3 Armour
 - Level 3.3 Dodging
 - Level 1.2 Stealth


You had 5 spell levels left.
You didn't know any spells.
Your spell library was empty.

Inventory:

Hand Weapons
 Y - a +1 shortbow (weapon)
Armour
 b - a +0 helmet (worn)
 f - a +0 pair of boots (worn)
 g - a +0 ring mail (worn)
Potions
 a - a potion of magic {unknown}
 d - a potion of attraction {unknown}
 h - a potion of cancellation
 i - a potion of degeneration {unknown}

Dungeon Overview and Level Annotations

Branches:
Dungeon (4/15)
 Temple: D:4-7

Altars:
Makhleb
Okawaru
Sif Muna
Xom

Shops:
D:3 [

Annotations:
D:3 Eustachio


Message History

The bat completely misses you.
You shoot an arrow. The arrow completely misses Eustachio.
The bat barely misses you. The bat hits you but does no damage.
The bat misses you. The bat hits you but does no damage.
Eustachio growls, "To hell with you, honourless miscreant!"
Eustachio hits you with a +0 rapier.
You shoot an arrow. The arrow barely misses Eustachio.
The bat hits you but does no damage. The bat barely misses you.
The bat hits you but does no damage. Eustachio hits you but does no damage.
You shoot an arrow. The arrow hits Eustachio!
Eustachio is lightly wounded.
The bat hits you but does no damage. x3; Eustachio hits you but does no damage.
The bat closely misses you. The bat hits you but does no damage.
You shoot an arrow. The arrow closely misses Eustachio.
The bat hits you but does no damage. The bat barely misses you. x2
Eustachio hits you with a +0 rapier!
3230 ||| STAIRDANCE The bat closely misses you.
The bat hits you but does no damage. Eustachio hits you with a +0 rapier.
The bat hits you.
You climb upwards.
The bat disappears in a puff of smoke! x3
There is a stone staircase leading down here.
You shoot an arrow. The arrow closely misses Eustachio.
Eustachio gestures wildly while chanting.
You shoot an arrow. The arrow hits Eustachio!
Eustachio is moderately wounded.
Eustachio mumbles some strange words.
Eustachio blinks!
You shoot an arrow. The arrow closely misses the iron imp.
The iron imp closely misses you.
You shoot an arrow. The arrow barely misses Eustachio.
The iron imp hits you. The shadow imp gestures at you.
You struggle to resist.
Eustachio hits you with a +0 rapier!
You shoot an arrow. The arrow barely misses Eustachio.
The iron imp closely misses you.
The iron imp hits you but does no damage.
The shadow imp closely misses you. Eustachio hits you with a +0 rapier.
You shoot an arrow. The arrow closely misses Eustachio.
The iron imp hits you. The iron imp closely misses you.
The shadow imp hits you.
You die...

#.....# #.###.#..####.# #...<#
#.....# #.............# #..####
#.....# #####.[..########.....#
#.....# #.............###.#
#.....#########..############.#
#.......[........[)...........#
####....)...###....############
# #........###55#...# ####
####............@5##.# #...
...#)...........@....# #.##
....)................##### #.#
...#.....................#####.#
...#.##+####................##.#
...#.##.# #####.....###.##.##.#
..##.##.# #.....# #.##.##.#
####.##.# #.....# #.##.##.#
#.##.########.##### #.##.##.#


You could see Eustachio, 2 iron imps and a shadow imp (summoned).

Vanquished Creatures
  A scorpion (D:4)
  An orc priest (D:3)
  A hound (D:4)
  Natasha (thrice) (D:2)
  2 orc wizards
  A gnoll (D:1)
  6 adders
  2 worms
  2 dart slugs (D:1)
  12 orcs
  7 ball pythons
  An endoplasm (D:1)
  4 giant cockroaches (D:2)
  A goblin (D:3)
  5 hobgoblins
  11 jackals
  5 kobolds
  3 quokkas
  3 bats
  2 frilled lizards
  10 rats
83 creatures vanquished.

Notes
Turn   | Place    | Note
-------+----------+-------------------------------------------
     0 | D:1      | qw the Deep Elf Hunter began the quest for the Orb.
     0 | D:1      | Reached XP level 1. HP: 12/12 MP: 3/3
     0 | D:1      | 0 ||| qw: Version: 0.3-a-9-g12657ce
     0 | D:1      | 0 ||| qw: Game counter: 3308
     0 | D:1      | 0 ||| qw: Always use a shield: true
     0 | D:1      | 0 ||| qw: God list: Okawaru
     0 | D:1      | 0 ||| qw: Allow faded altars: false
     0 | D:1      | 0 ||| qw: Do Orc after D:15 true
     0 | D:1      | 0 ||| qw: Do second Lair branch before Depths: true
     0 | D:1      | 0 ||| qw: Lair rune preference: random
     0 | D:1      | 0 ||| qw: Plans: Normal
     0 | D:1      | 0 ||| PLANNING D:1-11
    97 | D:1      | Reached skill level 6 in Ranged Weapons
    97 | D:1      | Reached XP level 2. HP: 16/16 MP: 4/4
   174 | D:1      | HP: 4/16 [jackal (1)]
   394 | D:1      | Reached XP level 3. HP: 20/20 MP: 5/5
   980 | D:1      | 980 ||| DROPPING ring of flight.
   981 | D:1      | 981 ||| READING scroll labelled WUSIVO TICEMP.
   982 | D:1      | 982 ||| READING scroll labelled PASHRI GOCAUMN.
   983 | D:1      | 983 ||| READING scroll labelled LAIXIM DODIUSAAK.
   984 | D:1      | 984 ||| READING scroll labelled UMNAURO ESABUY.
   985 | D:1      | 985 ||| DROPPING scroll of butterflies.
   987 | D:1      | 987 ||| Stepping ~*~*~tactically~*~*~ (cloud).
  1150 | D:2      | Reached skill level 7 in Ranged Weapons
  1172 | D:2      | Reached XP level 4. HP: 21/25 MP: 6/6
  1194 | D:2      | Noticed Natasha
  1196 | D:2      | 1196 ||| Stepping ~*~*~tactically~*~*~ (outnumbered).
  1198 | D:2      | 1198 ||| Stepping ~*~*~tactically~*~*~ (outnumbered).
  1202 | D:2      | Killed Natasha
  1340 | D:2      | Noticed Natasha
  1353 | D:2      | Killed Natasha
  1354 | D:2      | Reached skill level 8 in Ranged Weapons
  1514 | D:2      | Noticed Natasha
  1516 | D:2      | 1516 ||| FLEEEEING.
  1517 | D:2      | 1517 ||| FLEEEEING.
  1518 | D:2      | 1518 ||| FLEEEEING.
  1519 | D:2      | 1519 ||| FLEEEEING.
  1520 | D:2      | 1520 ||| FLEEEEING.
  1521 | D:2      | 1521 ||| FLEEEEING.
  1522 | D:2      | 1522 ||| FLEEEEING.
  1523 | D:2      | 1523 ||| FLEEEEING.
  1524 | D:2      | 1524 ||| FLEEEEING.
  1525 | D:2      | 1525 ||| FLEEEEING.
  1526 | D:2      | 1526 ||| FLEEEEING.
  1527 | D:2      | 1527 ||| FLEEEEING.
  1536 | D:2      | Killed Natasha
  1537 | D:2      | Reached XP level 5. HP: 12/29 MP: 7/7
  1959 | D:2      | 1959 ||| UPGRADING to +0 helmet.
  1964 | D:2      | 1964 ||| READING scroll labelled DUZXEU YT EKARR.
  1965 | D:2      | 1965 ||| READING scroll labelled CUUTZI FEENUO.
  1997 | D:3      | 1997 ||| STAIRDANCE
  2230 | D:3      | Found a burning altar of Makhleb.
  2241 | D:3      | Found an iron altar of Okawaru.
  2242 | D:3      | 2242 ||| PLANNING OKAWARU WORSHIP
  2247 | D:3      | Became a worshipper of Warmaster Okawaru
  2248 | D:3      | 2248 ||| PLANNING D:1-11
  2259 | D:3      | Found Cebbanoc's Armour Shop.
  2268 | D:3      | Reached skill level 9 in Ranged Weapons
  2274 | D:3      | 2274 ||| BUYING +0 pair of boots (45 gold).
  2274 | D:3      | Bought a +0 pair of boots for 45 gold pieces
  2274 | D:3      | 2274 ||| BUYING +0 ring mail (40 gold).
  2274 | D:3      | Bought a +0 ring mail for 40 gold pieces
  2274 | D:3      | 2274 ||| SHOPLISTING +2 scale mail of fire resistance (210
                  | gold, have 37).
  2274 | D:3      | 2274 ||| SHOPLISTING +3 ring mail of the Peach {Dex+4} (344
                  | gold, have 37).
  2516 | D:3      | Found a shimmering blue altar of Sif Muna.
  2528 | D:3      | Found a shimmering altar of Xom.
  2615 | D:3      | Reached skill level 3 in Dodging
  2765 | D:3      | Reached XP level 6. HP: 29/35 MP: 8/8
  2938 | D:3      | 2938 ||| UPGRADING to +0 pair of boots.
  2943 | D:3      | 2943 ||| UPGRADING to +0 ring mail.
  2953 | D:3      | 2953 ||| DROPPING +0 leather armour.
  2954 | D:3      | 2954 ||| READING scroll labelled QEDUYSACSA.
  2955 | D:3      | 2955 ||| READING scroll labelled BIOCVI PIANIXE.
  3018 | D:3      | 3018 ||| READING scroll labelled VIX ISI GIAV.
  3019 | D:3      | 3019 ||| DRINKING 2 brown potions.
  3035 | D:4      | Reached skill level 1 in Armour
  3093 | D:4      | HP: 8/35 [something (2)]
  3097 | D:4      | Noticed Eustachio
  3098 | D:4      | 3098 ||| DRINKING potion of heal wounds.
  3106 | D:4      | HP: 7/35 [something/puff of flame (8)]
  3107 | D:4      | 3107 ||| FLEEEEING.
  3108 | D:4      | 3108 ||| FLEEEEING.
  3111 | D:4      | 3111 ||| FLEEEEING.
  3112 | D:4      | 3112 ||| FLEEEEING.
  3115 | D:4      | 3115 ||| FLEEEEING.
  3116 | D:4      | 3116 ||| FLEEEEING.
  3118 | D:4      | 3118 ||| FLEEEEING.
  3119 | D:4      | 3119 ||| FLEEEEING.
  3120 | D:4      | 3120 ||| STAIRDANCE
  3222 | D:3      | 3222 ||| DRINKING 2 blue potions.
  3230 | D:4      | 3230 ||| STAIRDANCE
  3236 | D:3      | HP: 8/35 [Eustachio/+0 rapier (4)]
  3237 | D:3      | HP: 3/35 [iron imp[Eustachio] (5)]
  3237 | D:3      | Slain by a shadow imp

Levels and vault maps discovered:
D:1:      dpeg_arrival_central, layout_basic
D:2:      layout_loops_ring, kennysheep_generic_room_7, uniq_natasha
D:3:      layout_basic, nicolae_overflow_quartered_altars, serial_shops,
          nicolae_shop_statue_plus
D:4:      layout_cave_pools, nemelex_diamond_rough_becter,
          minmay_temple_entry_statues_fountains, serial_shops,
          nicolae_shop_temple_entry_statues_fountains, uniq_eustachio

Skill      XL: |  1  2  3  4  5  6 |
---------------+-------------------+-----
Ranged Weapons | 6 7 8 9 |  9.4
Dodging        | 3 |  3.3
Fighting       | 2 |  2.1
Armour         | 1 |  1.3
Stealth        | |  1.2

Action                     |  1- 3 |  4- 6 || total
---------------------------+-------+-------++-------
   Fire: Shortbow          |    96 |   182 ||   278
    Use: Scroll            |     4 |     5 ||     9
         Potion            |       |     3 ||     3
 Armour: Leather armour    |    24 |     8 ||    32
         Ring mail         |       |    51 ||    51
  Dodge: Dodged            |    47 |    62 ||   109

Table legend:
 A = Non-vault XP
 B = Vault XP
 C = Vault XP percentage of total XP
 D = Non-vault monster count
 E = Vault monster count
 F = Vault count percentage of total count
                 A         B        C        D         E       F
            +---------+---------+-------+---------+---------+-------
      Total |     533 |      39 |   6.8 |      80 |       3 |   3.6
            +---------+---------+-------+---------+---------+-------
        D:1 |      49 |       0 |   0.0 |      21 |       0 |   0.0
        D:2 |     157 |      39 |  19.9 |      24 |       3 |  11.1
        D:3 |     158 |       0 |   0.0 |      28 |       0 |   0.0
        D:4 |     169 |       0 |   0.0 |       7 |       0 |   0.0
            +---------+---------+-------+---------+---------+-------
